 Dungeon Crawl Stone Soup version 0.29-a0-275-g389c0b56f3 (webtiles) character file.

Game seed: 16650947402333030463

921 ders the Digger (level 8, -10/41 HPs)
             Began as a Gargoyle Earth Elementalist on Mar 11, 2022.
             Was an Initiate of Elyvilon (penitent).
             Mangled by a mummy (15 damage)
             ... in an ossuary.
             The game lasted 00:06:30 (4590 turns).

ders the Digger (Gargoyle Earth Elementalist)       Turns: 4590, Time: 00:06:30

Health: -10/41     AC:  8    Str: 11    XL:     8   Next: 10%
Magic:  2/15       EV: 11    Int: 23    God:    Elyvilon [......]
Gold:   88         SH:  0    Dex: 10    Spells: 13/17 levels left

rFire   . . .      SeeInvis .   q - +7 dagger "Piabyec" {drain, Fragile rN+ Will+++ Int+4}
rCold   . . .      Faith    .   (no shield)
rNeg    + + .      Spirit   .   b - +0 robe
rPois   ∞          Reflect  .   (no helmet)
rElec   +          Harm     .   g - +0 cloak
rCorr   .          Rampage  .   (no gloves)
Will    +++..                   (no boots)
Stlth   ++........              (no amulet)
HPRegen 0.13/turn               (no ring)
MPRegen 0.14/turn               (no ring)

@: marked
A: sickness immunity, AC +5, negative energy resistance 1, electricity
resistance, torment resistance 1, petrification resistance
a: Renounce Religion


You were in an ossuary.
You worshipped Elyvilon.
Elyvilon was demanding penance.
You visited 1 branch of the dungeon, and saw 4 of its levels.
You also visited: Ossuary.

You collected 88 gold pieces.

Inventory:

Hand Weapons
 d - a +2 dagger of protection
 q - the +7 dagger "Piabyec" (weapon) {drain, Fragile rN+ Will+++ Int+4}
   (You found it on level 4 of the Dungeon)

   A truly terrible weapon, it drains the life of any living foe it strikes.
   Int:       It affects your intelligence (+4).
   rN:        It protects you from negative energy.
   Fragile:   It will be destroyed if unequipped.
   Will:      It greatly increases your willpower.
   Elyvilon disapproves of the use of such an item.
Missiles
 a - 77 stones
Armour
 b - a +0 robe (worn)
 g - a +0 cloak (worn)
Magical Staves
 f - a staff of fire
 l - a staff of cold
Scrolls
 j - a scroll of noise
 k - a scroll of silence
 n - a scroll of identify
 r - 2 scrolls of teleportation {unknown}
 s - a scroll of enchant armour {unknown}
Potions
 c - a potion of berserk rage {unknown}
 e - a potion of haste {unknown}
 h - 2 potions of curing
 i - 5 potions of degeneration
 m - 3 potions of flight
 o - a potion of brilliance
 p - 2 potions of mutation {unknown}


   Skills:
 - Level 1.5 Dodging
 - Level 2.1 Stealth
 + Level 5.1 Spellcasting
 + Level 5.4 Conjurations
 - Level 0.7 Transmutations
 + Level 7.2 Earth Magic


You had 13 spell levels left.
You knew the following spells:

 Your Spells              Type           Power      Damage    Failure   Level
a - Sandblast             Erth           78%        2d17      1%          1
b - Stone Arrow           Conj/Erth      70%        3d11      1%          3

Your spell library contained the following spells:

 Spells                   Type           Power      Damage    Failure   Level
 Passwall                 Tmut/Erth      20%        N/A       2%          2
 Petrify                  Tmut/Erth      24%        N/A       19%         4


Dungeon Overview and Level Annotations

Branches:
Dungeon (4/15)            Ossuary (1/1)
 Temple: D:4-7

Altars:
Elyvilon


Innate Abilities, Weirdness & Mutations

You are immune to sickness and miasma.
Your stone body is resilient. (AC +5)
You are immune to poison.
You resist negative energy. (rN+)
You are resistant to electric shocks. (rElec)
You are resistant to unholy torment.
You are immune to petrification.


Message History

You feel guilty. "You will pay for your transgression, mortal!"
You hit the mummy.
The mummy is moderately damaged.
The mummy barely misses you. x2
You barely miss the mummy.
The mummy is moderately damaged.
You feel guilty. "You will pay for your transgression, mortal!"
You hit the mummy.
The mummy is moderately damaged.
The mummy closely misses you. x2
You feel guilty. "You will pay for your transgression, mortal!"
You hit the mummy but do no damage.
The mummy is moderately damaged.
You feel guilty. "You will pay for your transgression, mortal!"
You puncture the mummy!
The mummy is severely damaged.
The mummy barely misses you. The mummy hits you but does no damage.
You feel guilty. "You will pay for your transgression, mortal!"
You hit the mummy.
The mummy is almost destroyed.
The mummy hits you.
* * * LOW HITPOINT WARNING * * *
The mummy hits you.
* * * LOW HITPOINT WARNING * * *
You barely miss the mummy.
The mummy is almost destroyed.
The mummy hits you but does no damage.
You feel guilty. "You will pay for your transgression, mortal!"
You puncture the mummy!
You destroy the mummy!
The mummy hits you.
* * * LOW HITPOINT WARNING * * *
You barely miss the mummy. The mummy hits you!
You die...

#M# ##.## ###'###
#.### ##.....##
##^'.#
##.......###..###
#.........#...'.#
+....⌠....'...###
#.........#...'.#
##.......###..###
##.....## ##@M.#
###'### #.### #.#
#.# ##.## #?!?#
#.∩.# #?!!# #.∩.#
##### #####


You could see a mummy.

Vanquished Creatures
  Grinder (D:3)
  Sigmund (D:2)
  Menkaure (D:4)
  A water moccasin (D:3)
  A sky beast (D:3)
  A hound (D:4)
  2 human zombies (Ossuary)
  2 mummies (Ossuary)
  Robin (D:4)
  2 adders (D:2)
  4 gnolls (D:2)
  A worm (D:3)
  2 dart slugs
  2 orcs (D:3)
  4 ball pythons
  4 endoplasms
  2 giant cockroaches
  A gnoll zombie (Ossuary)
  14 goblins
  8 hobgoblins
  5 jackals
  A quokka (D:1)
  7 bats
  5 frilled lizards
  5 kobolds
  An orc zombie (Ossuary)
  7 rats
86 creatures vanquished.

Notes
Turn   | Place    | Note
-------+----------+-------------------------------------------
     0 | D:1      | ders the Gargoyle Earth Elementalist began the quest for
                  | the Orb.
     0 | D:1      | Reached XP level 1. HP: 10/10 MP: 3/3
   210 | D:1      | Reached XP level 2. HP: 15/15 MP: 1/5
   262 | D:1      | Reached skill level 1 in Conjurations
   422 | D:1      | Reached skill level 4 in Earth Magic
   942 | D:1      | Reached XP level 3. HP: 19/19 MP: 3/6
  1528 | D:2      | Found a faded altar of an unknown god.
  1976 | D:2      | Reached XP level 4. HP: 24/24 MP: 6/8
  1980 | D:2      | Learned a level 3 spell: Stone Arrow
  2057 | D:2      | Noticed Sigmund
  2065 | D:2      | Killed Sigmund
  2066 | D:2      | Reached skill level 5 in Earth Magic
  2066 | D:2      | Reached XP level 5. HP: 21/28 MP: 0/10
  2294 | D:2      | Reached XP level 6. HP: 32/32 MP: 8/11
  3114 | D:3      | Noticed a sky beast
  3122 | D:3      | Killed a sky beast
  3261 | D:3      | Noticed Grinder
  3261 | D:3      | Noticed a water moccasin
  3266 | D:3      | Killed Grinder
  3267 | D:3      | Reached skill level 6 in Earth Magic
  3267 | D:3      | Reached XP level 7. HP: 23/36 MP: 0/13
  4200 | D:4      | Noticed Menkaure
  4201 | D:4      | Killed Menkaure
  4202 | D:4      | Reached skill level 5 in Conjurations
  4258 | D:4      | Noticed Robin
  4280 | D:4      | Killed Robin
  4308 | D:4      | Found a white marble altar of Elyvilon.
  4322 | D:4      | Identified the +7 dagger "Piabyec" {drain, Fragile rN+
                  | Will+++ Int+4}
  4329 | D:4      | Became a worshipper of Elyvilon the Healer
  4438 | D:4      | Found a sand-covered staircase.
  4443 | D:4      | Reached skill level 7 in Earth Magic
  4448 | Ossuary  | Entered an ossuary
  4531 | Ossuary  | Reached skill level 5 in Spellcasting
  4531 | Ossuary  | Reached XP level 8. HP: 40/41 MP: 0/15
  4573 | Ossuary  | Was placed under penance by Elyvilon
  4590 | Ossuary  | Mangled by a mummy

Illustrated notes

Levels and vault maps discovered:
D:1:      sevenhm_arrival_forest_fort_large_4, layout_basic, minmay_fountain_box
D:2:      layout_basic, ebering_ecumenical_altar_webs, uniq_sigmund
D:3:      layout_basic, uniq_grinder
D:4:      layout_basic, elyvilon_altar_5, enter_ossuary_4,
          roderic_roman_lattice, uniq_menkaure, uniq_robin
Ossuary:  ossuary_crypta

Skill      XL: |  1  2  3  4  5  6  7 |
---------------+----------------------+-----
Conjurations   | 1 2 3 4 5 |  5.4
Earth Magic    | 4 5 6 7 |  7.2
Spellcasting   | 3 4 5 |  5.1
Dodging        | |  1.5
Stealth        | |  2.1
Transmutations | |  0.7

Action                   |  1- 3 |  4- 6 |  7- 9 || total
-------------------------+-------+-------+-------++-------
Melee: Unarmed           |     4 |       |       ||     4
       Dagger            |    11 |       |    24 ||    35
 Cast: Sandblast         |    46 |    18 |    23 ||    87
       Stone Arrow       |       |    18 |    18 ||    36
  Use: Scroll            |       |       |     7 ||     7
       Potion            |       |       |     1 ||     1
Armor: Robe              |    17 |     6 |    26 ||    49
Dodge: Dodged            |    28 |     7 |    32 ||    67

Table legend: (Time is in decaauts)
 A = Elapsed time spent in this place.
 B = Non-inter-level travel time spent in this place.
 C = Inter-level travel time spent in this place.
 D = Time resting spent in this place.
 E = Time spent auto-exploring this place.
 F = Levels seen in this place.
 G = Mean time per level.
                   A        B        C        D        E       F      G
               +--------+--------+--------+--------+--------+-----+--------+
         Total |   4589 |   4216 |    373 |    523 |   3209 |   5 |  917.8 |
       Dungeon |   4447 |   4074 |    373 |    488 |   3197 |   4 | 1111.8 |
       Ossuary |    141 |    141 |      0 |     35 |     12 |   1 |  141.0 |
               +--------+--------+--------+--------+--------+-----+--------+

Top non-repeatable levels by time:
     D:1: 1713 daAuts
     D:2: 1281 daAuts
     D:3: 1139 daAuts
     D:4: 313 daAuts
 Ossuary: 141 daAuts
